 Dungeon Crawl Stone Soup version 0.13-a0-2001-g039544c (webtiles) character file.

4087 Kae the Grappler (level 10, 0/97 HPs)
             Began as a Troll Berserker on June 25, 2013.
             Was a High Priest of Trog.
             Slain by a killer bee (8 damage)
             ... on Level 9 of the Dungeon.
             The game lasted 00:10:40 (5923 turns).

Kae the Grappler (Troll Berserker)                  Turns: 5923, Time: 00:10:40

HP   0/97        AC  6     Str 27      XL: 10   Next:  3%
MP   3/3         EV  8     Int  6      God: Trog [*****.]
Gold 103         SH 36     Dex 12      Spells:  0 memorised,  9 levels left

Res.Fire  : x . .   See Invis. : .     - Unarmed
Res.Cold  : + . .   Warding    : .   b - +0 animal skin
Life Prot.: . . .   Conserve   : .   i - +2 large shield
Res.Poison: .       Res.Corr.  : .   (helmet restricted)
Res.Elec. : .       Clarity    : .   E - +0 cloak
Sust.Abil.: . .     Spirit.Shd : .   (gloves unavailable)
Res.Mut.  : .       Stasis     : .   (boots unavailable)
Res.Rott. : .       Flight     : .   C - amulet of Quppiute {Faith Int+3}
Gourmand  : +                        (no ring)
                                     h - ring of ice

@: regenerating, about to teleport, exhausted, mildly poisoned, slowed, very
slow, very resistant to hostile enchantments, unstealthy
A: unfitting armour, claws 3, fast metabolism 3, gourmand, regeneration 2,
saprovore 2, tough skin 2, AC +1
a: Burn Spellbooks, Berserk, Trog's Hand, Brothers in Arms, Renounce Religion


You were on level 9 of the Dungeon.
You worshipped Trog.
Trog was exalted by your worship.
You were not hungry.

You visited 1 branch of the dungeon, and saw 9 of its levels.

You collected 370 gold pieces.
You spent 287 gold pieces at shops.

Inventory:

Armour
 b - a +0 animal skin (worn)
 i - a +2 large shield (worn)
 E - a +0 cloak (worn)
Magical devices
 e - a wand of slowing (13)
 p - a wand of cold (8) {unknown}
 y - a wand of confusion (24) {unknown}
 D - a wand of slowing (1)
 F - a wand of flame (14) {unknown}
Comestibles
 a - 6 meat rations
 k - 3 bread rations
 n - a pear
 o - a slice of pizza
 L - an apple
Scrolls
 c - 4 scrolls of remove curse
 d - a scroll of enchant weapon I
 j - 6 scrolls of identify
 s - a scroll of acquirement {unknown}
 v - a scroll of random uselessness {unknown}
 w - a scroll of noise {unknown}
 G - 2 scrolls of recharging
 I - a scroll of curse armour
 J - 3 scrolls of immolation
 K - 2 scrolls of holy word
 M - a scroll of curse weapon {unknown}
 N - a scroll of fog
 O - 2 scrolls of amnesia {unknown}
Jewellery
 h - a ring of ice (left claw)
 l - an uncursed amulet of resist mutation
 z - an uncursed amulet of faith
 C - the amulet of Quppiute (around neck) {Faith Int+3}
   (You found it on level 5 of the Dungeon)

   [amulet of faith]

   It affects your intelligence (+3).
Potions
 f - 5 potions of curing
 g - a potion of heal wounds {unknown}
 m - a potion of resistance {unknown}
 q - a potion of flight {unknown}
 r - a potion of might {unknown}
 t - a potion of agility {unknown}
 u - a potion of slowing {unknown}
 x - 2 potions of restore abilities {unknown}
 A - 2 potions of cure mutation {unknown}
 B - a potion of magic {unknown}
 P - a potion of berserk rage {unknown}


   Skills:
 + Level 5.6 Fighting
 + Level 3.8 Dodging
 * Level 6.9 Shields
 * Level 9.0 Unarmed Combat


You had 9 spell levels left.
You didn't know any spells.

Dungeon Overview and Level Annotations

Branches:
Dungeon (9/27)             Temple (0/1) D:5
    Orc: D:6-11        Lair: D:8-13

Altars:
Kikubaaqudgha
Okawaru
Vehumet
the Shining One

Shops:
D:8: ?


Innate Abilities, Weirdness & Mutations

You are too large for most types of armour.
You have claws for hands.
Your metabolism is lightning-fast.
You like to eat raw meat.
You heal very quickly.
You can eat rotten meat.
You are covered in fur (AC +1).
You have very tough skin (AC +2).


Message History

You block the killer bee's attack. The killer bee stings you.
* * * LOW HITPOINT WARNING * * *
You block the killer bee's attack. The killer bee stings you.
* * * LOW HITPOINT WARNING * * *
You are poisoned.
The killer bee poisons you! The killer bee stings you.
* * * LOW HITPOINT WARNING * * *
You block the killer bee's attack. The killer bee stings you.
* * * LOW HITPOINT WARNING * * *
The killer bee completely misses you.
Read which item? (? for menu, Esc to quit)
As you read the scroll of teleportation, it crumbles to dust.
You feel strangely unstable. The killer bee closely misses you.
The killer bee stings you but does no damage.
The killer bee closely misses you. The killer bee barely misses you.
You block the killer bee's attack. The killer bee barely misses you.
You block the killer bee's attack. The killer bee stings you!
You die...

..........###.#.##
.........###.....
...........#..# .
..........(..# .
...........(## .# ##
....._.....(###.#....
#........#.()......#
........##k.......#
#####...@k........
#.....k........
#.........#..)
########..# .. .## ##


You could see 3 killer bees.

Vanquished Creatures
  Joseph (D:9)
  Prince Ribbit (D:4)
  A hippogriff (D:8)
  Eustachio (D:6)
  A wyvern (D:8)
  A manticore (D:8)
  An orc warrior (D:6)
  2 ogres
  2 sky beasts (D:7)
  3 ice beasts
  2 phantoms
  2 water moccasins
  The ghost of Bruce the Firebug, an average DjFE (D:3)
  4 giant frogs
  7 killer bees
  3 wights (D:6)
  A hound (D:4)
  3 crimson imps
  Crazy Yiuf (D:5)
  2 orc priests
  3 scorpions
  An iguana (D:5)
  2 orc wizards (D:6)
  A jelly (D:7)
  5 worker ants
  Ijyb (D:6)
  A giant mite (D:7)
  3 adders
  An adder skeleton (D:5)
  An inept feature mimic (D:3)
  3 worms
  2 grey rats (D:6)
  A bat skeleton (D:5)
  3 giant geckos
  17 orcs
  4 giant cockroaches
  12 goblins
  14 hobgoblins
  10 jackals
  22 kobolds
  An ooze (D:2)
  6 quokkas
  2 ball pythons
  18 bats
  2 giant newts
  A hobgoblin skeleton (D:8)
  An orc skeleton (D:6)
  12 rats
  10 ballistomycetes
200 creatures vanquished.

Vanquished Creatures (others)
  A human (D:5)
  A giant newt (D:6)
  2 giant spores
  A goblin (D:6)
5 creatures vanquished.

Grand Total: 205 creatures vanquished

Notes
Turn   | Place    | Note
--------------------------------------------------------------
     0 | D:1      | Kae, the Troll Berserker, began the quest for the Orb.
     0 | D:1      | Reached XP level 1. HP: 23/23 MP: 0/0
   219 | D:1      | Reached XP level 2. HP: 31/31 MP: 0/0
   707 | D:1      | Acquired Trog's second power
   842 | D:1      | Reached XP level 3. HP: 39/39 MP: 1/1
  1529 | D:3      | Reached skill level 1 in Shields
  1529 | D:3      | Reached XP level 4. HP: 44/46 MP: 1/1
  1753 | D:3      | Noticed Bruce's ghost (average DjFE)
  1760 | D:3      | Killed Bruce's ghost
  1760 | D:3      | Reached skill level 4 in Unarmed Combat
  1760 | D:3      | Reached XP level 5. HP: 27/53 MP: 1/1
  2310 | D:4      | Noticed an ogre
  2324 | D:4      | Killed an ogre
  2324 | D:4      | Reached XP level 6. HP: 17/62 MP: 2/2
  2486 | D:4      | Noticed Prince Ribbit
  2497 | D:4      | Killed Prince Ribbit
  2497 | D:4      | Reached skill level 5 in Unarmed Combat
  2497 | D:4      | Reached XP level 7. HP: 70/70 MP: 2/2
  2786 | D:5      | Entered Level 5 of the Dungeon
  3125 | D:5      | Got a brightly glowing sapphire amulet
  3239 | D:5      | Found a staircase to the Ecumenical Temple.
  3368 | D:5      | Found an ancient bone altar of Kikubaaqudgha.
  3404 | D:5      | Noticed Crazy Yiuf
  3416 | D:5      | Killed Crazy Yiuf
  3451 | D:5      | Identified the cursed amulet of Quppiute {Faith Int+3} (You found it on level 5 of the Dungeon)
  3469 | D:5      | Acquired Trog's third power
  3490 | D:6      | Noticed Eustachio
  3503 | D:6      | Killed Eustachio
  3503 | D:6      | Reached skill level 6 in Unarmed Combat
  3677 | D:6      | Reached XP level 8. HP: 79/79 MP: 2/2
  3993 | D:6      | Noticed Ijyb
  4002 | D:6      | Killed Ijyb
  4035 | D:6      | Reached skill level 5 in Shields
  4186 | D:6      | Reached skill level 7 in Unarmed Combat
  4340 | D:7      | Found a radiant altar of Vehumet.
  4402 | D:7      | Reached XP level 9. HP: 87/87 MP: 3/3
  4497 | D:7      | Reached skill level 5 in Fighting
  4616 | D:7      | Reached skill level 8 in Unarmed Combat
  5001 | D:8      | Found Wumaqauqa's Magic Scroll Shop.
  5034 | D:8      | Bought a scroll of identify for 28 gold pieces
  5034 | D:8      | Bought a scroll of identify for 28 gold pieces
  5034 | D:8      | Bought a scroll of identify for 28 gold pieces
  5034 | D:8      | Bought a scroll of identify for 28 gold pieces
  5034 | D:8      | Bought a scroll of curse armour for 28 gold pieces
  5034 | D:8      | Bought 3 scrolls of immolation for 42 gold pieces
  5034 | D:8      | Bought a scroll of holy word for 105 gold pieces
  5163 | D:8      | Found an iron altar of Okawaru.
  5883 | D:9      | Found a glowing golden altar of the Shining One.
  5889 | D:9      | Noticed Joseph
  5903 | D:9      | Killed Joseph
  5903 | D:9      | Reached skill level 9 in Unarmed Combat
  5903 | D:9      | Reached XP level 10. HP: 54/97 MP: 3/3
  5921 | D:9      | HP: 4/97 [killer bee (5)]
  5923 | D:9      | Slain by a killer bee

Action                   |  1- 3 |  4- 6 |  7- 9 | 10-12 || total
-------------------------+-------+-------+-------+-------++-------
Melee: Unarmed           |   120 |    79 |   472 |     1 ||   672
Invok: Trog's Hand       |       |     1 |     3 |     1 ||     5
       Berserk           |       |     1 |     4 |       ||     5
       Burn Spellbooks   |       |       |     1 |       ||     1
  Use: Scroll            |       |       |    13 |     1 ||    14
       Potion            |       |       |       |     1 ||     1
 Stab: Sleeping          |     1 |       |     1 |       ||     2
